 Dungeon Crawl Stone Soup version 0.31-a0-152-g6aa68a64a1 (webtiles) character file.

Game seed: 11913848234057569176

151 comborobin the Sneak (level 5, 0/31 HPs)
             Began as a Deep Elf Delver on June 10, 2023.
             Slain by a wight
             ... wielding a +3 long sword
              (14 damage)
             ... on level 5 of the Dungeon.
             The game lasted 00:00:43 (58 turns).

comborobin the Sneak (Deep Elf Delver)                Turns: 58, Time: 00:00:43

Health: 0/31       AC:  3    Str:  9    XL:     5   Next: 10%
Magic:  7/7        EV: 12    Int: 17    God:
Gold:   17         SH:  0    Dex: 16    Spells: 4/4 levels left

rFire   . . .        a - +0 short sword
rCold   . . .        (no shield)
rNeg    . . .        b - +0 leather armour
rPois   .            (no helmet)
rElec   .            (no cloak)
rCorr   .            (no gloves)
SInv    .            (no boots)
Will    .....        (no amulet)
Stlth   +++          (no ring)
HPRegen 0.25/turn    (no ring)
MPRegen 0.10/turn

%: no passive effects
@: hasted, very quick
A: no striking features
a: no special abilities


You were on level 5 of the Dungeon.
You visited 1 branch of the dungeon, and saw 4 of its levels.

You collected 17 gold pieces.

Inventory:

Hand Weapons
 a - a +0 short sword (weapon)
Armour
 b - a +0 leather armour (worn)
Wands
 g - a wand of digging (3)
Scrolls
 c - a scroll of fog
 e - a scroll of fear


   Skills:
 - Level 2.4 Fighting
 + Level 5.3 Short Blades
 - Level 2.4 Dodging
 - Level 6.0 Stealth


You had 4 spell levels left.
You didn't know any spells.
Your spell library was empty.

Dungeon Overview and Level Annotations

Branches:
Dungeon (7/15)             Temple (0/1) D:5

Altars:


Message History

A gnoll comes into view. It is wielding a +0 halberd.
There is a stone staircase leading up here.
You climb upwards.
There is a stone staircase leading down here.
Okay, then.
The helpless wight fails to defend itself.
You puncture the wight!
You destroy the wight!
Your Short Blades skill gained 2 levels and is now at level 4!
You have reached level 2!
You have reached level 3!
Your experience leads to an increase in your attributes!
Increase (S)trength, (I)ntelligence, or (D)exterity?
You feel clever. x2
Unknown command.
Unknown command.
The helpless wight fails to defend itself.
You impale the wight!!
You destroy the wight!
You have reached level 4!
You feel clever.
Unknown command.
The helpless wight fails to defend itself.
You impale the wight!!
You destroy the wight!
The wight hits you with a +3 long sword!
You feel drained.
Your life force feels restored.
Your Short Blades skill increases to level 5!
You have reached level 5!
You can't go up here!
The jackal barks! x3
The wight barely misses you.
The wight hits you with a +3 long sword!
You climb downwards.
There is a stone staircase leading up here.
Okay, then.
You feel yourself speed up.
The wight hits you with a +3 long sword!
You die...

**...........#........,,,,,,,*
*###......###........,,,,,,,,
***......#####.....###,*,,,,**
****,,...#............#,***,,,,,*
*,,,,,.###...###.........,,,,,,,*
*,,..###.##.#######......,,,,,,,,
*,,.............##*......,**,,,,,
**,...##..####O..#*.#....,**,,,,,
***,,,,#..,,*##.@#*.#....,,**,,,,
,,,,,,....,,*#.z.z.......,,,,**,*
,,,,,.g...,,*##...###...,,,,,,,,,
,,,.g.....,,**..#.#*,,,,,,,,,,,,,
,**#..O...,,,..##..,,,,,,,,,,,,,,
,,,.......,*...,,...,,**,,,,,****
,**,,,,,,,,....,,....,,*,,,,,* *
,,***,,,,,.....,*###.,,,,,*******
*,****,,**,,,,,,***,,,,,,,****,*,


You could see an ogre and 2 wights.

Vanquished Creatures
  3 wights (D:4)
3 creatures vanquished.

Notes
Turn   | Place    | Note
-------+----------+-------------------------------------------
     0 | D:5      | comborobin the Deep Elf Delver began the quest for the Orb.
     0 | D:5      | Reached XP level 1. HP: 13/13 MP: 3/3
    13 | D:7      | Noticed a wraith
    13 | D:7      | Noticed an orc wizard
    13 | D:7      | Noticed a centaur
    44 | D:5      | Noticed an ogre
    52 | D:4      | Noticed a wight
    52 | D:4      | Noticed a wight
    52 | D:4      | Noticed a wight
    52 | D:4      | Noticed a wight
    52 | D:4      | Noticed a wight
    53 | D:4      | Killed a wight
    54 | D:4      | Reached XP level 2. HP: 18/18 MP: 4/4
    54 | D:4      | Reached XP level 3. HP: 22/22 MP: 5/5
    54 | D:4      | Killed a wight
    55 | D:4      | Reached XP level 4. HP: 27/27 MP: 6/6
    56 | D:4      | Reached skill level 5 in Short Blades
    56 | D:4      | Reached XP level 5. HP: 23/31 MP: 7/7
    58 | D:5      | Slain by a wight

Illustrated notes

Levels and vault maps discovered:
D:4:      layout_loops_ring, mainiacjoe_overflow_cross_hatched, zin_statuary
D:5:      layout_cave_pools, temple_fountains, minivault_23
D:6:      layout_gridville, kennysheep_little_box, serial_shops,
          nicolae_shop_competitors_out_of_business, hangedman_glass_teeth,
          nicolae_concentric_dashed_squares_mild, uniq_sigmund, uniq_menkaure,
          uniq_prince_ribbit1
D:7:      minmay_blocky_corners, layout_rooms, lemuel_round_altar,
          ashenzari_conservatory_becter, chequers_mini_garden,
          uniq_crazy_yiuf_cottage

Skill      XL: |  1  2  3  4 |
---------------+-------------+-----
Short Blades   | 4 5 |  5.3
Fighting       | |  2.4
Dodging        | |  2.4
Stealth        | |  6.0

Action                     |  1- 3 |  4- 6 || total
---------------------------+-------+-------++-------
  Melee: Short sword       |     2 |     1 ||     3
    Use: Scroll            |     1 |       ||     1
         Potion            |       |     1 ||     1
   Stab: Sleeping          |     2 |     1 ||     3
  Dodge: Dodged            |       |     1 ||     1

Table legend: (Time is in decaauts)
 A = Elapsed time spent in this place.
 B = Non-inter-level travel time spent in this place.
 C = Inter-level travel time spent in this place.
 D = Time resting spent in this place.
 E = Time spent auto-exploring this place.
 F = Levels seen in this place.
 G = Mean time per level.
                   A        B        C        D        E       F      G
               +--------+--------+--------+--------+--------+-----+--------+
         Total |     58 |     58 |      0 |      0 |      0 |   4 |   14.5 |
       Dungeon |     58 |     58 |      0 |      0 |      0 |   4 |   14.5 |
               +--------+--------+--------+--------+--------+-----+--------+

Top non-repeatable levels by time:
     D:5: 37 daAuts
     D:6: 15 daAuts
     D:4: 4 daAuts
     D:7: 1 daAuts
